 Dungeon Crawl Stone Soup version 0.20.1-4-g4af34eaf8e (webtiles) character file.

46 Alfie the Shooter (level 3, -1/30 HPs)
             Began as a Minotaur Hunter on Mar 10, 2020.
             Killed by nerve-wracking pain
             ... invoked by Jessica
              (8 damage)
             ... on level 2 of the Dungeon.
             The game lasted 00:04:25 (1080 turns).

Alfie the Shooter (Minotaur Hunter)                 Turns: 1080, Time: 00:04:26

Health: -1/30      AC:  3    Str: 16    XL:     3   Next: 46%
Magic:  2/2        EV: 12    Int:  8    God:
Gold:   19         SH:  0    Dex: 11    Spells: 2/2 levels left

rFire    . . .     SeeInvis .   b - +0 short sword
rCold    . . .     Gourm    .   (no shield)
rNeg     . . .     Faith    .   c - +0 leather armour
rPois    .         Spirit   .   (helmet restricted)
rElec    .         Reflect  .   (no cloak)
rCorr    .         Harm     .   (no gloves)
MR       .....                  (no boots)
Stlth    +.........             (no amulet)
Regen    0.1/turn               (no ring)
MPRegen  0.1/turn               (no ring)

@: no status effects
A: retaliatory headbutt, horns 2
a: no special abilities


You were on level 2 of the Dungeon.
You were hungry.

You visited 1 branch of the dungeon, and saw 2 of its levels.

You collected 19 gold pieces.

Inventory:

Hand Weapons
 a - a +1 shortbow
 b - a +0 short sword (weapon)
Missiles
 d - 16 arrows
Armour
 c - a +0 leather armour (worn)
Wands
 l - a wand of confusion (4/48)
Scrolls
 g - 4 scrolls of teleportation {unknown}
 o - a scroll of magic mapping {unknown}
 p - a scroll of identify {unknown}
Potions
 e - a potion of lignification {unknown}
 i - a potion of invisibility {unknown}
 j - a potion of resistance {unknown}
 k - a potion of brilliance {unknown}
 m - a potion of magic {unknown}
 n - a potion of curing {unknown}
Comestibles
 f - a bread ration
 h - a royal jelly


   Skills:
 + Level 2.8 Fighting
 + Level 1.3 Short Blades
 + Level 5.1 Bows
 + Level 0.8 Armour
 + Level 2.3 Dodging
 + Level 0.7 Stealth


You had 2 spell levels left.
You didn't know any spells.

Dungeon Overview and Level Annotations

Branches:
Dungeon (2/15)

Altars:
Qazlal
Xom

Annotations:
D:2 Jessica


Innate Abilities, Weirdness & Mutations

You reflexively headbutt those who attack you in melee.
You have a pair of horns on your head.


Message History

Aim: Jessica, wielding a dagger of flaming and wearing a robe You shoot an arrow.
The arrow barely misses Jessica.
You are feeling hungry.
Jessica misses you.
Firing (i - inventory):
d - 17 arrows (quivered)
Press: ? - help, Shift-Dir - straight line, f/p - Jessica
Aim: Jessica, wielding a dagger of flaming and wearing a robe You shoot an arrow.
The arrow closely misses Jessica.
Jessica hits you with a dagger of flaming.
Jessica burns you.
Wield which item (- for none, * to show all)? (? for menu, Esc to quit)
b - a +0 short sword (weapon)
You hit Jessica but do no damage.
Jessica hits you with a dagger of flaming.
* * * LOW HITPOINT WARNING * * *
Jessica burns you.
* * * LOW HITPOINT WARNING * * *
Jessica casts a spell at you. Pain shoots through your body!
You die...

######...##....)...<.....
!...#######..............
.......†.................
........##...............
........##>#.............
§§......##.#.#######.†.#.
#≈###...#....# #..#...
≈≈≈≈≈.≈.....## #...#...
≈_>§#≈≈≈@.### #...#...
§§.§≈≈≈.@## .........
§§≈≈≈≈..(. ..........
##§+#≈..#.. #..........
§.......###. ...........
. ......# .. .........
.(..(.)# !. .........
####### .# ........#
#####


You could see Jessica.

Vanquished Creatures
  A worm (D:2)
  2 dart slugs (D:1)
  2 leopard geckos (D:2)
  2 giant cockroaches (D:2)
  6 goblins
  5 hobgoblins
  2 jackals (D:1)
  A quokka (D:2)
  5 bats
  2 frilled lizards (D:1)
  4 kobolds (D:2)
  2 rats (D:1)
34 creatures vanquished.

Notes
Turn   | Place    | Note
-------+----------+-------------------------------------------
     0 | D:1      | Alfie the Minotaur Hunter began the quest for the Orb.
     0 | D:1      | Reached XP level 1. HP: 18/18 MP: 0/0
   272 | D:1      | Reached XP level 2. HP: 25/25 MP: 1/1
   585 | D:1      | Reached skill level 1 in Short Blades
   871 | D:2      | Reached skill level 5 in Bows
   892 | D:2      | Reached XP level 3. HP: 30/30 MP: 2/2
   956 | D:2      | Found a shimmering altar of Xom.
  1065 | D:2      | Found a stormy altar of Qazlal.
  1070 | D:2      | Noticed Jessica
  1080 | D:2      | Killed from afar by Jessica

Skill      XL: |  1  2 |
---------------+-------+-----
Short Blades   | 1 |  1.3
Bows           | 5 |  5.1
Fighting       | |  2.8
Armour         | |  0.8
Dodging        | |  2.3
Stealth        | |  0.7

Action                   || total
-------------------------++-------
Melee: Short sword       ||    57
       Headbutt          ||     8
 Fire: Shortbow          ||    52
Armor: Leather armour    ||    13
Dodge: Dodged            ||    40
